 Dungeon Crawl Stone Soup version 0.26-a0-1176-g060ceda6a5 (webtiles) character file.

Game seed: 3801031024005288813

4806 raph the Severer (level 10, -3/81 HPs)
             Began as a Hill Orc Fighter on Dec 24, 2020.
             Was a Believer of Beogh.
             Slain by a two-headed ogre
             ... wielding a +0 giant spiked club
              (30 damage)
             ... on level 9 of the Dungeon.
             The game lasted 00:15:18 (11079 turns).

raph the Severer (Hill Orc Fighter)                Turns: 11079, Time: 00:15:19

Health: -3/81      AC:  9    Str: 20    XL:     10   Next: 48%
Magic:  13/13      EV: 12    Int:  8    God:    Beogh [**....]
Gold:   393        SH:  6    Dex: 13    Spells: 9/9 levels left

rFire    . . .     SeeInvis .   a - +3 war axe
rCold    . . .     Faith    .   m - +1 buckler
rNeg     . . .     Spirit   .   w - +0 chain mail
rPois    .         Reflect  .   (no helmet)
rElec    .         Harm     .   (no cloak)
rCorr    .         Rampage  .   (no gloves)
Will     .....                  (no boots)
Stlth    ..........             h - amulet of the acrobat
HPRegen  0.23/turn              q - +4 ring of evasion
MPRegen  0.13/turn              (no ring)

@: mighty
A: no striking features
a: Renounce Religion, Smiting


You were on level 9 of the Dungeon.
You worshipped Beogh.
Beogh was pleased with you.
You visited 1 branch of the dungeon, and saw 9 of its levels.

You collected 501 gold pieces.
You spent 108 gold pieces at shops.

Inventory:

Hand Weapons
 a - a +3 war axe (weapon)
Armour
 b - a +0 scale mail
 c - a +0 kite shield
 m - a +1 buckler (worn)
 w - a +0 chain mail (worn)
Jewellery
 h - an amulet of the acrobat (around neck)
 q - a +4 ring of evasion (left hand)
Wands
 d - a wand of iceblast (8)
 v - a wand of disintegration (12)
 x - a wand of polymorph (4)
Scrolls
 f - 6 scrolls of teleportation
 k - a scroll of immolation
 o - 7 scrolls of remove curse
 r - a scroll of fear
 s - 3 scrolls of enchant armour
 u - a scroll of amnesia
Potions
 e - 2 potions of heal wounds
 g - 4 potions of haste
 i - 6 potions of curing
 j - a potion of might
 l - a potion of resistance
 n - 2 potions of flight
 p - a potion of ambrosia {unknown}
 t - 2 potions of mutation {unknown}


   Skills:
 + Level 5.4 Fighting
 - Level 16.0 Axes
 + Level 4.9 Armour
 + Level 2.4 Dodging
 - Level 4.0 Shields
 + Level 4.0 Invocations
 + Level 3.0 Evocations


You had 9 spell levels left.
You didn't know any spells.
Your spell library contained the following spells:

 Spells                   Type           Power        Failure   Level
 Animate Skeleton         Necr           0%           99%         1
 Apportation              Tloc           0%           99%         1
 Corona                   Hex            0%           99%         1
 Foxfire                  Conj/Fire      0%           99%         1
 Sandblast                Erth           0%           99%         1
 Summon Small Mammal      Summ           0%           99%         1
 Ensorcelled Hibernation  Hex/Ice        0%           99%         2
 Passwall                 Tmut/Erth      0%           99%         2
 Confusing Touch          Hex            0%           100%        3
 Conjure Flame            Conj/Fire      0%           100%        3
 Dazzling Flash           Conj/Hex       0%           100%        3
 Inner Flame              Hex/Fire       0%           100%        3
 Stone Arrow              Conj/Erth      0%           100%        3
 Tukima's Dance           Hex            0%           100%        3
 Petrify                  Tmut/Erth      0%           100%        4
 Sticky Flame             Conj/Fire      0%           100%        4
 Fireball                 Conj/Fire      0%           100%        5
 Lee's Rapid Deconstruct  Erth           0%           100%        5


Dungeon Overview and Level Annotations

Branches:
Dungeon (9/15)             Temple (0/1) D:7
   Lair: D:8-11         Orc: D:9-12

Altars:
Ashenzari
Cheibriados
Fedhas
Gozag
Kikubaaqudgha
Makhleb
Okawaru
Vehumet
Xom
Zin
The Shining One

Shops:
D:7 !

Annotations:
D:5 1 runed translucent door, tilp's ghost, amateur GnDe
D:7 2 transporters


Message History

The troll closely misses you. The troll barely misses you.
The troll claws you but does no damage.
You barely miss the troll. The troll barely misses you. x2
The troll claws you.
You slash the troll!
The troll is moderately wounded.
You slash the troll!
The troll is severely wounded.
You barely miss the two-headed ogre. The troll bites you but does no damage.
The troll misses you. The troll claws you but does no damage.
You slash the troll!
The troll is almost dead.
You slash the two-headed ogre! The two-headed ogre barely misses you.
The two-headed ogre hits you with a +0 dire flail!
The troll bites you! You block the troll's attack. x2
You closely miss the troll.
The troll is almost dead.
You hit the two-headed ogre.
The two-headed ogre hits you with a +0 giant spiked club!!
You die...

### #.# ..# #.#
#.# #T# #@#
##### #O#
....##.#
####...#.#
o......#)#
####...#.######
..............##
...O............
......#..##.#.#.


You could see a two-headed ogre and a troll.

Vanquished Creatures
  A two-headed ogre (D:8)
  A water moccasin (D:7)
  Duvessa (D:4)
  5 orc warriors
  A black bear (D:6)
  4 sky beasts
  An ice beast (D:8)
  2 phantoms
  4 ogres
  A centaur (D:8)
  8 bullfrogs
  A wyvern zombie (D:7)
  Dowan (D:4)
  A water moccasin skeleton (D:8)
  5 scorpions
  8 wights
  A howler monkey (D:6)
  A quasit (D:7)
  A centaur skeleton (D:4)
  A jelly (D:6)
  2 orc priests
  A bullfrog skeleton (D:5)
  A bullfrog zombie (D:8)
  A hound (D:4)
  8 orc wizards
  4 iguanas
  5 worker ants
  A hound skeleton (D:4)
  A worker ant zombie (D:9)
  2 howler monkey zombies
  7 gnolls (D:3)
  9 adders
  A shadow imp (D:7)
  2 white imps
  3 ufetubi
  An ooze (D:3)
  An adder zombie (D:9)
  An adder skeleton (D:9)
  3 worms
  A dart slug (D:2)
  5 leopard geckos
  30 orcs
  2 bats
  A bat zombie (D:2)
  12 giant cockroaches
  5 goblins
  8 hobgoblins
  16 jackals
  2 quokkas
  2 ball pythons (D:3)
  2 frilled lizards
  6 kobolds
  11 rats
  2 rat zombies (D:2)
  A bush (D:8)
209 creatures vanquished.

Vanquished Creatures (others)
  A worker ant zombie (D:6)
1 creature vanquished.

Grand Total: 210 creatures vanquished

Notes
Turn   | Place    | Note
-------+----------+-------------------------------------------
     0 | D:1      | raph the Hill Orc Fighter began the quest for the Orb.
     0 | D:1      | Reached XP level 1. HP: 19/19 MP: 1/1
   120 | D:1      | Reached skill level 3 in Axes
   121 | D:1      | Reached XP level 2. HP: 22/27 MP: 2/2
   397 | D:1      | Reached skill level 4 in Axes
   491 | D:1      | Found a shimmering altar of Xom.
   799 | D:2      | Reached XP level 3. HP: 33/33 MP: 3/3
   844 | D:2      | Reached skill level 5 in Axes
  1144 | D:2      | Reached XP level 4. HP: 40/40 MP: 4/4
  1186 | D:2      | Found an ancient bone altar of Kikubaaqudgha.
  1963 | D:3      | Found an opulent altar of Gozag.
  1985 | D:3      | Reached skill level 6 in Axes
  2413 | D:3      | Reached XP level 5. HP: 46/46 MP: 5/5
  2734 | D:3      | Found a snail-covered altar of Cheibriados.
  2890 | D:3      | Found a blossoming altar of Fedhas.
  2897 | D:3      | Found a radiant altar of Vehumet.
  3073 | D:4      | Reached skill level 7 in Axes
  3309 | D:4      | Reached XP level 6. HP: 51/52 MP: 6/6
  3394 | D:4      | Noticed Dowan
  3395 | D:4      | Noticed Duvessa
  3441 | D:4      | Killed Duvessa
  3442 | D:4      | Reached skill level 8 in Axes
  3452 | D:4      | Killed Dowan
  3643 | D:4      | Reached skill level 9 in Axes
  3682 | D:4      | Reached XP level 7. HP: 50/58 MP: 7/7
  4228 | D:5      | Entered Level 5 of the Dungeon
  4262 | D:5      | Found an iron altar of Okawaru.
  4408 | D:5      | Found a glowing silver altar of Zin.
  4431 | D:5      | Reached skill level 10 in Axes
  4775 | D:5      | Found a runed translucent door.
  4779 | D:5      | Noticed tilp's ghost (amateur GnDe)
  5481 | D:6      | Became a worshipper of Beogh the Brigand
  5708 | D:6      | Reached skill level 11 in Axes
  5708 | D:6      | Reached XP level 8. HP: 42/66 MP: 8/8
  5960 | D:6      | Reached skill level 12 in Axes
  6279 | D:6      | Got a masterwork short sword
  6280 | D:6      | Identified the +10 short sword of Roegreq {freeze, rN++
                  | Str-5 Dex+6} (You found it on level 6 of the Dungeon)
  6445 | D:6      | Reached skill level 13 in Axes
  7126 | D:7      | Reached XP level 9. HP: 68/71 MP: 9/9
  7149 | D:7      | Reached skill level 14 in Axes
  7737 | D:7      | Found a staircase to the Ecumenical Temple.
  8042 | D:7      | Found Guhak's Distillery.
  8045 | D:7      | Bought a potion of heal wounds for 60 gold pieces
  8045 | D:7      | Bought a potion of might for 48 gold pieces
  8147 | D:7      | Found a transporter.
  8147 | D:7      | Noticed a kobold demonologist
  8153 | D:7      | Found a transporter.
  8249 | D:7      | Reached skill level 15 in Axes
  8405 | D:7      | Found a burning altar of Makhleb.
  8410 | D:7      | Found a glowing silver altar of Zin.
  8410 | D:7      | Noticed an angel
  8411 | D:7      | Noticed a balrug
  8630 | D:8      | Reached * piety under Beogh
  8740 | D:8      | Found a broken altar of Ashenzari.
  9136 | D:8      | Reached skill level 16 in Axes
  9159 | D:8      | Noticed a two-headed ogre
  9168 | D:8      | Killed a two-headed ogre
  9169 | D:8      | Reached skill level 1 in Dodging
  9169 | D:8      | Reached skill level 1 in Evocations
  9169 | D:8      | Reached XP level 10. HP: 59/80 MP: 9/11
  9951 | D:8      | Reached skill level 5 in Fighting
 10218 | D:9      | Found a glowing golden altar of the Shining One.
 10450 | D:9      | Reached ** piety under Beogh
 11064 | D:9      | Noticed a two-headed ogre
 11079 | D:9      | Slain by a two-headed ogre

Illustrated notes

Levels and vault maps discovered:
D:1:      giann_horns, layout_rooms, minivault_14, xom_teletrap_fun
D:2:      layout_basic, lemuel_zombie_altar_kikubaaqudgha,
          minmay_misc_feat_tower
D:3:      layout_rooms, marbit_many_paths, lemuel_round_altar,
          grunt_temple_overflow_open
D:4:      layout_basic, kennysheep_potato, uniq_duvessa
D:5:      layout_basic, kennysheep_mini, basic_altar,
          ebering_ghost_reflecting_pool
D:6:      layout_cave_pods
D:7:      gammafunk_wand_slinger, layout_cave_pods,
          grunt_temple_overflow_order_and_chaos_2,
          minmay_temple_entry_from_below_a, serial_shops,
          nicolae_shop_behind_doors
D:8:      layout_loops_corners, cheibrodos_ashenzari_chains,
          kb_lookout_dungeons_type
D:9:      layout_basic, nzn_wu_jian_council_hall, basic_altar

Skill      XL: |  1  2  3  4  5  6  7  8  9 10 |
---------------+-------------------------------+-----
Axes           | 3 4 5 6 7 9 11 13 16 | 16.0
Shields        | 4 |  4.0
Fighting       | 4 5 |  5.4
Armour         | 4 |  4.9
Dodging        | 1 2 |  2.4
Invocations    | 2 4 |  4.0
Evocations     | 1 3 |  3.0

Action                   |  1- 3 |  4- 6 |  7- 9 | 10-12 || total
-------------------------+-------+-------+-------+-------++-------
Melee: War axe           |    89 |   176 |   357 |   145 ||   767
Invok: Convert to Beogh  |       |       |     1 |       ||     1
Evoke: Wand              |       |       |     1 |       ||     1
  Use: Scroll            |       |    14 |     5 |       ||    19
       Potion            |       |     2 |     1 |     1 ||     4
Armor: Scale mail        |    25 |    62 |    65 |     2 ||   154
       Chain mail        |       |       |       |    20 ||    20
Dodge: Dodged            |    34 |    92 |   176 |    45 ||   347
Block: Kite shield       |    53 |       |       |       ||    53
       Buckler           |       |    39 |    85 |    22 ||   146

Table legend: (Time is in decaauts)
 A = Elapsed time spent in this place.
 B = Non-inter-level travel time spent in this place.
 C = Inter-level travel time spent in this place.
 D = Time resting spent in this place.
 E = Time spent auto-exploring this place.
 F = Levels seen in this place.
 G = Mean time per level.
                   A        B        C        D        E       F      G
               +--------+--------+--------+--------+--------+-----+--------+
         Total |  11045 |  10789 |    256 |   3938 |   5125 |   9 | 1227.2 |
       Dungeon |  11045 |  10789 |    256 |   3938 |   5125 |   9 | 1227.2 |
               +--------+--------+--------+--------+--------+-----+--------+

Top non-repeatable levels by time:
     D:6: 1780 daAuts
     D:8: 1559 daAuts
     D:3: 1546 daAuts
     D:7: 1518 daAuts
     D:4: 1255 daAuts
     D:5: 1051 daAuts
     D:9: 841 daAuts
     D:2: 758 daAuts
     D:1: 732 daAuts
